Map: Incorporeal LE

Players

KimChiLoVer - Winner!

  • Race: Terran Terran
  • Spawn Location: 11:00

A.I. 1 (Very Hard)

  • Race: Terran Terran
  • Spawn Location: 5:00

VOD

Have the link to the VOD?

Description

Time

  • Played on: Aug. 8, 2025, 9:28 p.m.
  • Length: 17:45
Show
View Real Time Build Order
Export as new Build Order

KimChiLoVer Terran - Winner!

Build Orders: Reaper Expand 

Get SALT Encoding   

  12  0:00  SCV  
  13  0:14  SCV  
  14  0:17  Supply Depot  
  14  0:26  SCV  
  15  0:38  SCV  
  15  0:41  Barracks  
  16  0:45  Refinery  
  16  0:52  SCV  
  17  1:04  SCV  
  18  1:16  SCV  
  19  1:28  Orbital Command  
  19  1:30  Reaper  
  20  1:39  Command Center  
  20  1:47  Supply Depot  
  20  1:55  SCV  
  21  2:02  Marine  
  22  2:10  Factory  
  22  2:11  Refinery, SCV  
  23  2:23  SCV  
  23  2:29  Barracks Reactor  
  24  2:30  Barracks  
  24  2:35  SCV  
  25  2:39  Barracks  
  25  2:48  SCV  
  26  2:52  Supply Depot  
  26  2:55  Factory Tech Lab  
  26  2:58  Orbital Command  
  26  3:02  SCV  
  27  3:06  Marine  
  27  3:09  Marine  
  29  3:14  SCV  
  30  3:26  SCV  
  31  3:31  Starport  
  31  3:32  Factory Reactor  
  31  3:35  Stimpack  
  31  3:36  Marine x3  
  31  3:39  SCV  
  35  3:41  SCV  
  36  3:51  SCV  
  37  3:57  Marine x2  
  37  3:58  Marine x2  
  41  4:06  Command Center  
  41  4:15  SCV x2  
  43  4:19  Medivac x2  
  43  4:21  Marine  
  43  4:22  Marine  
  49  4:27  SCV  
  49  4:28  SCV  
  49  4:30  Factory Tech Lab  
  51  4:33  Refinery  
  51  4:37  Engineering Bay  
  51  4:39  Engineering Bay  
  51  4:46  Supply Depot, SCV x2  
  51  4:51  Marine  
  51  4:52  Marine  
  55  4:58  SCV  
  55  4:59  Siege Tank  
  59  5:00  SCV  
  60  5:10  Barracks, SCV  
  61  5:16  Barracks  
  61  5:19  Terran Infantry Weapons Level 1  
  61  5:22  Orbital Command  
  61  5:26  Terran Infantry Armor Level 1  
  62  5:28  SCV  
  62  5:32  Marine x3  
  65  5:57  Medivac x2  
  65  6:00  Barracks Tech Lab  
  69  6:07  Combat Shield, Marine x2  
  69  6:09  Barracks Tech Lab  
  71  6:13  Barracks Reactor  
  71  6:14  Refinery  
  71  6:17  Command Center, Supply Depot  
  71  6:18  SCV  
  72  6:20  Supply Depot  
  72  6:25  Armory  
  72  6:26  Marine x2, Marauder x2  
  72  6:27  Supply Depot  
  72  6:28  Supply Depot, Concussive Shells  
  72  6:30  Marauder  
  80  6:44  Marine x2  
  83  6:50  Barracks  
  83  6:51  Barracks  
  82  6:57  SCV  
  82  7:00  SCV  
  84  7:02  Marauder x3  
  84  7:03  Medivac  
  92  7:09  SCV  
  92  7:10  Barracks  
  92  7:11  Orbital Command  
  92  7:12  SCV  
  92  7:15  Marine x4  
  90  7:22  Marine  
  90  7:23  Marauder  
  90  7:24  SCV  
  89  7:33  Marine  
  89  7:34  Marine x3, Marauder  
  93  7:41  Marauder  
  91  7:44  SCV x3, Marauder  
  91  7:46  Terran Infantry Weapons Level 2  
  91  7:48  Orbital Command  
  95  7:51  Marine  
  95  7:53  Terran Infantry Armor Level 2  
  95  7:56  SCV  
  97  7:58  Barracks Reactor  
  97  7:59  Barracks Reactor  
  97  8:00  Barracks Tech Lab  
  97  8:07  Supply Depot  
  97  8:11  Medivac  
  97  8:12  Medivac, Siege Tank  
  104  8:20  SCV x3  
  104  8:26  Marine x3, Marauder x2  
  114  8:32  SCV  
  115  8:35  Refinery  
  115  8:36  Refinery, SCV x3  
  118  8:41  Marine  
  118  8:42  Marine x4  
  118  8:44  Siege Tank, SCV  
  118  8:48  Supply Depot, SCV  
  128  8:50  Supply Depot  
  128  8:52  Supply Depot  
  128  8:54  SCV  
  129  9:03  Factory  
  129  9:06  SCV  
  129  9:07  Marine x4, Marauder x3  
  138  9:11  Starport  
  138  9:13  Supply Depot  
  138  9:16  Siege Tank  
  117  9:18  SCV  
  89  9:28  Marine x8  
  89  9:29  Marine x3  
  100  9:39  Viking x2, Supply Depot  
  100  9:41  Marauder  
  100  9:44  Supply Depot  
  106  9:45  Marine  
  106  9:46  Marine x5  
  106  9:51  Supply Depot  
  106  9:52  Supply Depot  
  112  9:55  Starport Reactor  
  112  9:56  Factory Tech Lab  
  95  10:11  Marine x2, Marauder x2  
  95  10:12  Marine x2  
  86  10:33  Marine x12  
  72  10:48  Supply Depot  
  72  10:49  Supply Depot  
  69  10:50  Marine  
  69  10:51  Marine x11  
  69  10:53  Terran Infantry Weapons Level 3  
  80  11:01  Terran Infantry Armor Level 3  
  80  11:08  Marine  
  80  11:09  Marine x11  
  86  11:27  Marauder  
  86  11:32  Orbital Command  
  88  11:35  Starport Reactor  
  88  11:39  Factory Tech Lab, Marine, Marauder x2  
  94  11:40  Marine x3, Marauder  
  98  11:49  Marauder  
  98  11:51  Marine  
  98  11:52  Marine x2  
  98  11:53  Siege Tank  
  106  11:57  Terran Vehicle And Ship Armor Level 1  
  106  11:59  Marine  
  106  12:01  Marauder x3  
  113  12:06  SCV  
  113  12:07  SCV x2  
  116  12:10  Marauder  
  118  12:19  SCV  
  118  12:22  Command Center  
  119  12:25  Medivac, Siege Tank  
  119  12:28  Medivac  
  126  12:33  Marine, Marauder  
  129  12:38  Refinery  
  129  12:49  Marine, Marauder  
  132  12:54  Command Center  
  132  13:03  Viking, Liberator  
  137  13:06  Viking  
  137  13:07  Medivac  
  137  13:11  SCV x3  
  144  13:16  Marine x3, Marauder x2  
  151  13:22  Supply Depot  
  151  13:25  Supply Depot  
  151  13:28  Siege Tank  
  151  13:32  Marine, Marauder x2  
  159  13:37  Viking  
  161  13:41  Orbital Command  
  132  14:12  Orbital Command  
  132  14:15  SCV x3  
  132  14:16  SCV  
  136  14:23  Marine x7, Marauder x2  
  147  14:27  SCV x2  
  137  14:48  Marine  
  137  14:49  Marine x11  
  138  15:06  Marine  
  138  15:07  Marine x11  
  144  15:24  Marine x5  
  144  15:25  Marine x7  
  153  15:37  Refinery  
  153  15:38  Refinery  
  153  15:42  Marine x11  
  145  15:43  Marauder  
  155  15:51  Medivac  
  155  15:52  Medivac  
  155  15:55  Command Center  
  159  16:00  Marine x10  
  159  16:01  Marauder  
  171  16:04  Marauder  
  173  16:17  Marine  
  173  16:18  Marine  
  175  16:19  Marauder  
  175  16:25  Marine x5  
  180  16:26  Marauder x3  
  180  16:27  Marine  
  189  16:35  Marine  
  189  16:36  Marine  
  191  16:40  Marauder  
  191  16:43  Marine  
  194  16:47  Marauder x2  
  194  16:48  Marauder  
  200  17:22  Command Center  
  200  17:23  Command Center  
  200  17:27  Command Center  
Show
View Real Time Build Order
Export as new Build Order

A.I. 1 (Very Hard) Terran 

Build Orders:  

Get SALT Encoding   

  12  0:00  SCV  
  13  0:13  SCV  
  14  0:18  Supply Depot  
  14  0:25  SCV  
  15  0:39  SCV  
  16  0:43  Barracks  
  16  0:51  SCV  
  17  1:03  SCV  
  18  1:15  SCV  
  19  1:18  Command Center  
  19  1:32  Marine  
  20  1:33  Orbital Command  
  20  1:46  Supply Depot  
  20  1:50  Refinery, Marine  
  21  1:59  SCV  
  22  2:08  Marine  
  22  2:11  SCV  
  22  2:12  Barracks  
  23  2:19  Refinery  
  23  2:23  SCV  
  23  2:25  Marine  
  25  2:34  Supply Depot  
  25  2:35  SCV  
  26  2:37  SCV  
  27  2:49  Orbital Command  
  27  2:52  Marine  
  27  2:54  SCV  
  29  3:06  Factory  
  29  3:07  SCV  
  29  3:11  Marine  
  29  3:12  Marine  
  32  3:16  SCV  
  32  3:19  SCV  
  34  3:28  SCV  
  34  3:29  Marine  
  34  3:30  Marine  
  34  3:31  SCV  
  38  3:36  Barracks  
  38  3:40  SCV  
  39  3:43  SCV  
  39  3:47  Barracks Tech Lab  
  40  3:49  Barracks Tech Lab  
  40  3:51  Factory Tech Lab  
  40  3:53  Starport, SCV  
  42  3:55  SCV  
  42  4:05  SCV, Marine  
  42  4:07  SCV, Combat Shield, Stimpack, Marine  
  46  4:13  Supply Depot  
  46  4:18  SCV  
  46  4:20  SCV  
  46  4:23  Marine x2  
  50  4:25  Marine  
  50  4:30  SCV  
  52  4:32  SCV  
  52  4:33  Supply Depot  
  52  4:35  Medivac  
  55  4:42  SCV  
  55  4:43  Siege Tank  
  55  4:44  SCV  
  60  4:47  Supply Depot, Marine  
  60  4:48  Marine  
  62  4:54  Marine  
  62  4:55  SCV  
  62  4:56  SCV  
  62  4:57  Supply Depot  
  65  5:04  Engineering Bay  
  65  5:05  Marauder  
  67  5:07  SCV  
  67  5:08  Marauder  
  67  5:13  SCV  
  71  5:14  Refinery, Barracks Reactor  
  71  5:19  Refinery, SCV  
  72  5:25  SCV  
  72  5:26  Marauder  
  75  5:29  Marauder  
  75  5:31  SCV  
  75  5:32  Supply Depot  
  78  5:37  SCV  
  78  5:39  Siege Tank  
  82  5:43  SCV  
  82  5:48  Marauder  
  82  5:49  Engineering Bay, SCV  
  86  5:54  Marauder  
  86  5:55  Missile Turret  
  86  5:56  Supply Depot  
  88  6:02  Missile Turret  
  88  6:07  Barracks, Terran Infantry Weapons Level 1  
  88  6:09  Marauder  
  90  6:11  Siege Tank  
  90  6:18  Supply Depot, Marauder  
  95  6:25  Missile Turret  
  95  6:28  Concussive Shells  
  95  6:31  Marauder  
  97  6:39  Marauder  
  99  6:40  Terran Infantry Armor Level 1  
  99  6:41  Supply Depot  
  99  6:43  Siege Tank  
  99  6:45  Missile Turret, Starport Reactor  
  102  6:48  Command Center  
  102  6:56  Marauder  
  102  7:00  Marauder  
  106  7:05  Supply Depot  
  106  7:06  Missile Turret  
  106  7:16  Siege Tank  
  106  7:19  SCV  
  106  7:20  SCV  
  106  7:21  Medivac  
  92  7:31  Marauder  
  92  7:32  SCV x2  
  92  7:33  Marauder  
  91  7:44  SCV x2  
  93  7:48  Widow Mine  
  95  7:56  SCV x2  
  97  7:59  SCV  
  98  8:08  SCV  
  98  8:09  Siege Tank  
  98  8:12  Refinery, SCV  
  103  8:16  Missile Turret  
  103  8:17  SCV  
  104  8:20  SCV  
  104  8:22  Missile Turret  
  104  8:24  SCV  
  106  8:29  SCV  
  106  8:30  Armory  
  107  8:36  Orbital Command  
  107  8:37  SCV  
  107  8:41  Widow Mine, SCV  
  111  8:49  SCV  
  111  8:53  SCV  
  113  8:57  Armory  
  113  9:01  SCV  
  113  9:02  SCV  
  115  9:03  Widow Mine  
  115  9:05  SCV  
  117  9:13  SCV, Marine  
  117  9:14  SCV, Marine  
  102  9:17  Terran Vehicle Weapons Level 1, Marine  
  102  9:19  Marine  
  102  9:21  Marine  
  97  9:24  Widow Mine  
  97  9:26  SCV  
  97  9:27  SCV  
  97  9:28  SCV  
  97  9:31  Marine  
  103  9:33  Marauder  
  103  9:35  Marine  
  103  9:37  Marine  
  103  9:38  SCV  
  108  9:39  Marine  
  108  9:40  SCV  
  108  9:42  SCV  
  108  9:44  Terran Vehicle And Ship Armor Level 1  
  111  9:47  Terran Infantry Weapons Level 2  
  111  9:49  Marauder  
  111  9:50  SCV  
  111  9:52  SCV  
  115  9:53  Marine  
  115  9:54  SCV, Marauder  
  115  9:55  Marine  
  115  9:57  Marine  
  120  10:02  SCV  
  120  10:04  SCV  
  120  10:06  SCV  
  113  10:10  Marine x2  
  113  10:12  Marine  
  113  10:13  Missile Turret  
  112  10:14  SCV  
  112  10:15  Marine, Marauder  
  112  10:16  SCV  
  112  10:18  SCV  
  118  10:25  Viking x2  
  118  10:26  SCV  
  125  10:28  Marauder  
  125  10:30  Supply Depot, SCV  
  125  10:31  SCV  
  125  10:34  Marine  
  117  10:36  Marine  
  117  10:37  Marine, Marauder  
  117  10:42  Siege Tank  
  123  10:50  Marauder  
  123  10:52  Marine  
  123  10:53  Marine  
  123  10:55  Viking, Marine  
  125  10:58  Marauder  
  125  11:00  Supply Depot  
  127  11:05  Medivac  
  127  11:08  Hi-Sec Auto Tracking  
  127  11:10  Factory, Marine  
  127  11:11  Marine, Marauder  
  123  11:14  Siege Tank  
  123  11:15  Starport, Command Center  
  124  11:20  Marauder  
  124  11:22  Marine  
  125  11:28  Marine  
  125  11:29  Marine  
  125  11:32  Marauder  
  114  11:35  Medivac  
  114  11:39  Marine  
  116  11:41  Marauder  
  116  11:44  Medivac  
  116  11:46  Siege Tank  
  124  11:51  Starport Tech Lab  
  124  11:52  Marine  
  124  11:53  Factory Tech Lab  
  124  11:54  Marine, Marauder  
  127  11:56  Supply Depot  
  127  11:58  Barracks Tech Lab  
  127  12:00  Barracks  
  128  12:02  Marauder  
  128  12:03  Neosteel Armor  
  128  12:05  Liberator  
  128  12:07  Terran Infantry Weapons Level 3  
  133  12:09  Liberator  
  133  12:10  Marine  
  133  12:11  Siege Tank  
  133  12:13  Marine  
  133  12:15  Marauder  
  143  12:16  Marine  
  143  12:19  Widow Mine  
  143  12:20  Supply Depot  
  146  12:23  Marine  
  146  12:25  Viking  
  146  12:28  SCV, Marine  
  146  12:29  SCV x2  
  153  12:33  Planetary Fortress  
  153  12:34  Marauder  
  155  12:40  Missile Turret, Siege Tank  
  155  12:41  Missile Turret  
  155  12:43  Widow Mine  
  160  12:46  Supply Depot  
  160  12:52  Raven  
  160  12:53  Refinery  
  160  12:54  Refinery  
  160  12:57  Marine  
  160  12:58  Marine x2, Marauder  
  165  12:59  Refinery  
  165  13:00  Marine  
  165  13:01  Marine  
  165  13:05  Widow Mine  
  171  13:09  Command Center  
  171  13:12  Supply Depot, Widow Mine  
  173  13:15  Marine  
  173  13:17  Ghost Academy  
  173  13:19  Marine  
  174  13:21  Marine  
  174  13:22  Medivac  
  174  13:24  Marine  
  174  13:26  Cyclone  
  174  13:27  Raven  
  184  13:32  Medivac  
  184  13:33  Siege Tank  
  189  13:46  Ghost  
  192  13:49  Missile Turret  
  192  13:51  Missile Turret  
  192  13:52  Ghost  
  192  13:54  Marine  
  192  13:55  Marauder  
  183  13:57  Marine  
  183  13:58  Siege Tank, Marine  
  135  14:06  Cyclone  
  111  14:12  Marine  
  111  14:15  Marine x2, Marauder  
  111  14:16  Marine  
  117  14:21  Liberator, Marauder  
  117  14:24  Refinery  
  122  14:28  Liberator  
  122  14:29  SCV  
  122  14:30  Widow Mine, Marine  
  128  14:32  Refinery  
  128  14:33  Marine x2  
  128  14:34  SCV, Marauder  
  128  14:35  SCV  
  128  14:36  SCV  
  128  14:37  Marauder  
  128  14:38  Siege Tank  
  128  14:41  SCV  
  128  14:42  Marine  
  113  14:47  SCV x2  
  113  14:48  Marine  
  113  14:50  Marine  
  113  14:51  Marine  
  95  14:55  SCV  
  95  14:56  Marauder  
  95  14:57  SCV  
  95  14:58  Marauder  
  87  15:00  SCV, Marine  
  87  15:01  SCV  
  75  15:07  SCV  
  75  15:08  Marine  
  75  15:09  SCV, Marine  
  75  15:10  Siege Tank  
  58  15:15  SCV  
  58  15:17  SCV, Marine  
  58  15:18  Marauder  
  58  15:19  Marine  
  54  15:26  Marine  
  54  15:27  Marine  
  48  15:29  SCV  
  48  15:34  Marine  
  45  15:37  Marauder  
  45  15:39  Marine  
  36  15:53  Marauder  
  20  16:15  Marine  
  20  16:17  Marine  
  16  16:33  SCV  
  15  16:47  SCV  
  15  16:49  Supply Depot  
  14  17:01  SCV  
  14  17:13  SCV  
  13  17:26  SCV  
Tags
 
Matchup
TvT
Race
Terran
Spawn Locations
Cross Positions
Add a new tag
Caveats
  • Supply blocks, unpowered buildings, or Contaminate may cause inaccurate times.
  • Supply counts are checked every 10 seconds.